 Dungeon Crawl Stone Soup version 0.29-a0-419-g77450f2 (webtiles) character file.

Game seed: 17012329095814185163

299 Illumine the Bolt Thrower (level 6, -5/51 HPs)
             Began as a Minotaur Hunter on May 18, 2022.
             Slain by a black bear (9 damage)
             ... on level 4 of the Dungeon.
             The game lasted 00:05:35 (2790 turns).

Illumine the Bolt Thrower (Minotaur Hunter)         Turns: 2790, Time: 00:05:35

Health: -5/51      AC:  5    Str: 16    XL:     6   Next: 13%
Magic:  5/5        EV: 12    Int:  6    God:
Gold:   170        SH:  0    Dex: 15    Spells: 5/5 levels left

rFire   . . .      SeeInvis .   a - +1 hand crossbow
rCold   . . .      Faith    .   (no shield)
rNeg    . . .      Spirit   .   b - +0 leather armour
rPois   .          Reflect  .   (helmet restricted)
rElec   .          Harm     .   s - +1 cloak
rCorr   .          Rampage  .   (no gloves)
Will    .....                   (no boots)
Stlth   +.........              (no amulet)
HPRegen 0.17/turn               (no ring)
MPRegen 0.09/turn               (no ring)

@: no status effects
A: horns 2, retaliatory headbutt
a: no special abilities


You were on level 4 of the Dungeon.
You visited 1 branch of the dungeon, and saw 4 of its levels.

You collected 170 gold pieces.

Inventory:

Hand Weapons
 a - a +1 hand crossbow (weapon)
Missiles
 d - 13 poisoned darts
 f - 2 datura-tipped darts
Armour
 b - a +0 leather armour (worn)
 s - a +1 cloak (worn)
Jewellery
 q - a ring of fire
Wands
 r - a wand of polymorph (8)
Scrolls
 c - 2 scrolls of immolation
 i - a scroll of amnesia {unknown}
 j - 2 scrolls of poison {unknown}
 k - 4 scrolls of teleportation {unknown}
 l - 2 scrolls of blinking {unknown}
 m - 4 scrolls of identify {unknown}
 n - 2 scrolls of noise {unknown}
 o - a scroll of magic mapping {unknown}
 t - a scroll of silence {unknown}
 v - a scroll of fear {unknown}
Potions
 e - 2 potions of lignification
 g - a potion of flight {unknown}
 h - a potion of degeneration {unknown}
 p - a potion of berserk rage {unknown}
 u - a potion of mutation {unknown}
 w - a potion of curing {unknown}


   Skills:
 + Level 3.1 Fighting
 * Level 7.7 Crossbows
 + Level 2.8 Dodging
 - Level 0.7 Stealth


You had 5 spell levels left.
You didn't know any spells.
Your spell library contained the following spells:

 Spells                   Type           Power      Damage    Failure   Level
 Portal Projectile        Hex/Tloc       0%         N/A       88%         3
 Blade Hands              Tmut           0%         N/A       100%        5
 Excruciating Wounds      Necr           0%         N/A       100%        5


Dungeon Overview and Level Annotations

Branches:
Dungeon (4/15)
 Temple: D:4-7

Altars:
Dithmenos


Innate Abilities, Weirdness & Mutations

You have a pair of horns on your head.
You reflexively headbutt those who attack you in melee.


Message History

The black bear claws you. The black bear barely misses you. x2
The black bear closely misses you.
Unknown command.
Shoot: a) +1 hand crossbow
Press: ? - help, Q - select action, (/) - cycle Shift-Dir - straight line, f/p - black bear
Aim: a black bear (severely wounded, berserk, 72% to hit)
You shoot a bolt. The bolt closely misses the black bear.
The black bear bites you! The black bear barely misses you. x2
Unknown command.
Shoot: a) +1 hand crossbow
Press: ? - help, Q - select action, (/) - cycle Shift-Dir - straight line, f/p - black bear
Aim: a black bear (severely wounded, berserk, 72% to hit)
You shoot a bolt. The bolt hits the black bear.
The black bear is almost dead.
The black bear bites you but does no damage.
The black bear claws you.
The black bear claws you but does no damage.
The black bear closely misses you. The black bear claws you.
The black bear claws you but does no damage.
Shoot: a) +1 hand crossbow
Press: ? - help, Q - select action, (/) - cycle Shift-Dir - straight line, f/p - black bear
Aim: a black bear (almost dead, berserk, 72% to hit)
You shoot a bolt.
The bolt hits the black bear but does no damage.
The black bear is almost dead.
The black bear misses you. The black bear closely misses you.
The black bear claws you but does no damage.
The black bear bites you.
* * * LOW HITPOINT WARNING * * *
The black bear claws you.
* * * LOW HITPOINT WARNING * * *
The black bear claws you.
* * * LOW HITPOINT WARNING * * *
Unknown command.
Shoot: a) +1 hand crossbow
Press: ? - help, Q - select action, (/) - cycle Shift-Dir - straight line, f/p - black bear
Aim: a black bear (almost dead, berserk, 72% to hit)
You shoot a bolt. The bolt closely misses the black bear.
The black bear bites you!
You die...

## #.### #...# #### #....#
..( ## #..... ..#### #.###
#.... ..##.# #...###..h#.#
#.# #....#.###@# #.# ##
#..>..#...## #.# #.###
#....#....## #.#
#...###...#.....# #.#######
#....#.###.#....# #.......#
#.....#...###...###..####.#
#....#....#.###.##..# #.#
..# #..†#.....# ..###..#
#.#
##...###.#....#....##..#
#.#


You could see a black bear (berserk).

Vanquished Creatures
  A hound (D:4)
  An iguana (D:2)
  3 orc wizards (D:3)
  3 river rats (D:4)
  7 adders
  A worm (D:4)
  7 orcs
  5 bats
  An endoplasm (D:1)
  6 giant cockroaches
  5 hobgoblins
  4 jackals (D:3)
  2 quokkas
  9 ball pythons
  2 frilled lizards
  6 goblins
  5 kobolds
  8 rats
76 creatures vanquished.

Notes
Turn   | Place    | Note
-------+----------+-------------------------------------------
     0 | D:1      | Illumine the Minotaur Hunter began the quest for the Orb.
     0 | D:1      | Reached XP level 1. HP: 18/18 MP: 0/0
   331 | D:1      | Reached XP level 2. HP: 18/25 MP: 1/1
   350 | D:1      | Reached skill level 5 in Crossbows
   843 | D:3      | Reached XP level 3. HP: 30/30 MP: 2/2
   886 | D:2      | Reached skill level 6 in Crossbows
   901 | D:2      | Reached XP level 4. HP: 37/37 MP: 3/3
  1389 | D:3      | Found a shadowy altar of Dithmenos.
  1686 | D:3      | Found a faded altar of an unknown god.
  1790 | D:4      | Reached skill level 7 in Crossbows
  1790 | D:4      | Reached XP level 5. HP: 42/42 MP: 4/4
  2568 | D:4      | Reached XP level 6. HP: 51/51 MP: 5/5
  2790 | D:4      | Slain by a black bear

Illustrated notes

Levels and vault maps discovered:
D:1:      roderic_crossed_star, layout_basic
D:2:      layout_rooms
D:3:      layout_rooms, overflow_temple_1_default,
          nicolae_ecumenical_lake_church
D:4:      nicolae_BIG_FREAKIN_CUBE, layout_basic, tgw_trog,
          nicolae_hepliaklqana_hazy_memory, portal_sewer_entry_e

Skill      XL: |  1  2  3  4  5 |
---------------+----------------+-----
Crossbows      | 5 6 7 |  7.7
Fighting       | 3 |  3.1
Dodging        | |  2.8
Stealth        | |  0.7

Action                   |  1- 3 |  4- 6 || total
-------------------------+-------+-------++-------
Melee: Hand crossbow     |       |     1 ||     1
 Fire: Hand crossbow     |    68 |   198 ||   266
  Use: Potion            |       |     1 ||     1
Armor: Leather armour    |    14 |    55 ||    69
       Skin              |       |     7 ||     7
Dodge: Dodged            |    17 |    58 ||    75

Table legend: (Time is in decaauts)
 A = Elapsed time spent in this place.
 B = Non-inter-level travel time spent in this place.
 C = Inter-level travel time spent in this place.
 D = Time resting spent in this place.
 E = Time spent auto-exploring this place.
 F = Levels seen in this place.
 G = Mean time per level.
                   A        B        C        D        E       F      G
               +--------+--------+--------+--------+--------+-----+--------+
         Total |   2850 |   2718 |    132 |    511 |   1549 |   4 |  712.5 |
       Dungeon |   2850 |   2718 |    132 |    511 |   1549 |   4 |  712.5 |
               +--------+--------+--------+--------+--------+-----+--------+

Top non-repeatable levels by time:
     D:3: 1156 daAuts
     D:1: 741 daAuts
     D:2: 538 daAuts
     D:4: 414 daAuts
